Arrhythmia, chaotic female vampiric Convict ---------------- ##...............| ----------- # |..............| |)[)..)..%%# # |...............############ |)[[.....)|# # |..............| # |[)[))))[[|# # ---------------- ##.)[)[))[[)|# # # |.........|# # # ----.---.--# # # # # # # ---------------# ################ ### #### |.............|# # --|-- # ## |..............# ####0 # |.).-# # ### |.............| #-.--- ##%..{| ---|-- # |..............##########|...|#####|...+## #.^%..| ## |.<..........0| |...| ####----- # |..^.| # - -------------- |...| # ###########-.>`.| # . |...+## ------ R ..| |...| @-...| ----- ---- Arrhythmia the Jail-bird Experience level: 9 Strength: 18/01 Dexterity: 13 Constitution: 18 Intelligence: 9 Wisdom: 9 Charisma: 8 Health: 0(86) Energy: 60(60) AC: -2 Gold: 979 Moves: 8432 Your Inventory: Coins $ - 979 gold pieces Armor h - an [uncursed] rotted [+0] piece of cloth [cloak of invisibility] y - an [uncursed] +0 pair of leather gloves (being worn) z - an uncursed +0 dwarvish mithril-coat (being worn) I - an [uncursed] rotted +0 blue and green shield [elven] (being worn) J - an uncursed +0 elven cloak (being worn) L - an [uncursed] +0 leather hat [elven leather helm] (being worn) X - an [uncursed] +0 pair of hard shoes [iron] (being worn) Scrolls a - a [cursed] scroll labeled AQUE BRAGH [of teleportation] b - an [uncursed] scroll labeled ANDOVA BEGARIN [of remove curse] Potions g - an [uncursed] brown potion [of fruit juice] Z - an [uncursed] sparkling potion [of see invisible] Rings U - a [cursed -2] mithril ring [of gain wisdom] Tools d - an [uncursed +0] unicorn horn e - an [uncursed] skeleton key S - an uncursed [+0] pick-axe Gems f - an uncursed stone called Flintluck [luckstone] O - an uncursed stone called Luckflint [flint] V - an [uncursed] green gem [worthless glass] Iron balls c - an uncursed rusty heavy iron ball (weapon in hand) Spells known in the end: Name Level Category Fail Memory a - force bolt 1 attack 100% [||||||..] Your skills at the end: Fighting Skills Weapon Skills flail [Basic / Expert] sling [Basic / Skilled] Spellcasting Skills Final Attributes: You were piously aligned. Hunger level was 811. Your alignment was 52 / 52. Monster difficulty range was 1 - 9. Level difficulty was 9. You were immune to poison. You were immune to level-drain. You were immune to sickness. You were stealthy. You could fly. You could survive without air. You regenerated. You were lucky (3). You had extra luck. Bad luck did not time out for you. Good luck did not time out for you. You are dead. Vanquished creatures: a disenchanter 6 black puddings a xan a flaming sphere a gargoyle a carnivorous ape a giant beetle 4 wolves a leprechaun an iron piercer a black light a dwarf mummy 2 ogres 4 brown puddings an owlbear 2 lizards 2 dingos a housecat a dwarf lord 2 blue jellies a gray unicorn a snake a human zombie a Woodland-elf 4 soldier ants a wood nymph 3 water nymphs 5 Mordor orcs 2 Uruk-hai a rock piercer 3 enormous rats 2 rock moles 2 ponies a shrieker a violet fungus a gnome lord a black naga hatchling a golden naga hatchling a gray ooze a ghoul a paper golem 2 giant ants a floating eye a kitten a dwarf a homunculus 6 hill orcs a rothe 3 centipedes 2 giant bats 2 orc zombies 2 iguanas 5 killer bees an acid blob 6 hobbits 12 manes 3 large kobolds 2 giant rats 4 brown molds 2 yellow molds 3 green molds 7 gnomes 21 Keystone Kops 11 garter snakes 6 geckos 2 jackals 3 goblins 4 grid bugs 4 lichens 4 kobold zombies 5 newts 197 creatures vanquished. Voluntary challenges: You went without food. You never hit with a wielded weapon. You read items or engraved 4 times. You put on armor 21 times. You never genocided any monsters. You never polymorphed an object. You never changed form. You used no wishes. You abstained from Elbereth's help. You never encountered a bones level. You never used any Sokoban shortcuts. Dungeon overview: The Dungeons of Doom: levels 1 to 9 Level 1 a long staircase Level 2 (Vault) Level 4 an armor shop, a sink Level 5 an altar, some fountains Level 6 many fountains Level 7 stairs to Sokoban Level 8 a fountain Level 9 (Vault) <- You were here a fountain Sokoban: Level 6 a magic chest stairs to The Dungeons of Doom History has recorded: On T:1 you entered the Dungeons of Doom to retrieve the Amulet of Yendor! On T:263 you reached level 2 of The Dungeons of Doom. On T:624 you advanced to experience level 2. On T:812 you advanced to experience level 3. On T:1129 you advanced to experience level 4. On T:1373 you advanced to experience level 5. On T:1800 you reached level 4 of The Dungeons of Doom. On T:2105 you advanced to experience level 6. On T:2289 you reached level 5 of The Dungeons of Doom. On T:2570 you advanced to experience level 7. On T:2789 you reached level 6 of The Dungeons of Doom. On T:2856 you advanced to experience level 8. On T:5574 you reached level 7 of The Dungeons of Doom. On T:5785 you reached level 3 of Sokoban. On T:6162 you advanced to experience level 9. On T:7853 you reached level 8 of The Dungeons of Doom. On T:8141 you reached level 9 of The Dungeons of Doom. Latest messages: [HP+1=13] [HP+1=14] You hear a distant squeak. [HP+1=15] The disenchanter just misses! [HP+1=16] The disenchanter hits! [HP-10=6] [HP+1=7] [HP+1=8] [HP+1=9] [HP+1=10] [HP+1=11] [HP+1=12] This door is locked. You succeed in unlocking the door. The disenchanter hits! [HP-7=5] [HP+1=6] The door opens. The disenchanter hits! You die... Final status: Goodbye Arrhythmia the Convict... You died in The Dungeons of Doom on dungeon level 9 with 14336 points, and 979 pieces of gold, after 8432 moves. You were level 9 with a maximum of 86 hit points when you died.